 Dungeon Crawl Stone Soup version 0.31-a0-149-g3fdcc5976a (webtiles) character file.

Game seed: 2693227394744387110

66 qw the Shooter (level 3, -1/31 HPs)
             Began as a Minotaur Hunter on June 7, 2023.
             Killed from afar by Natasha (4 damage)
             ... with a magic dart
             ... on level 2 of the Dungeon.
             The game lasted 00:00:29 (1606 turns).

qw the Shooter (Minotaur Hunter)                    Turns: 1606, Time: 00:00:29

Health: -1/31      AC:  5    Str: 15    XL:     3   Next: 96%
Magic:  2/2        EV: 11    Int:  6    God:
Gold:   102        SH:  0    Dex: 15    Spells: 2/2 levels left

rFire   . . .        Y - +0 shortbow
rCold   . . .        (shield currently unavailable)
rNeg    . . .        j - +0 ring mail
rPois   +            (helmet restricted)
rElec   .            (no cloak)
rCorr   .            (no gloves)
SInv    .            (no boots)
Will    .....        (no amulet)
Stlth   +            g - ring of poison resistance
HPRegen 0.25/turn    (no ring)
MPRegen 0.08/turn

%: no passive effects
@: no status effects
A: horns 2, retaliatory headbutt
a: no special abilities


You were on level 2 of the Dungeon.
You visited 1 branch of the dungeon, and saw 2 of its levels.

You collected 102 gold pieces.


Innate Abilities, Weirdness & Mutations

You have a pair of horns on your head.
You reflexively headbutt those who attack you in melee.


   Skills:
 - Level 3.0 Fighting
 + Level 5.7 Ranged Weapons
 - Level 1.0 Armour
 - Level 2.1 Dodging
 - Level 0.7 Stealth


You had 2 spell levels left.
You didn't know any spells.
Your spell library was empty.

Inventory:

Hand Weapons
 Y - a +0 shortbow (weapon)
Armour
 j - a +0 ring mail (worn)
Jewellery
 d - a ring of see invisible
 g - a ring of poison resistance (left hand)
Scrolls
 a - a scroll of amnesia {unknown}
 b - a scroll of immolation {unknown}
 c - a scroll of torment {unknown}
Potions
 h - a potion of ambrosia {unknown}
 i - a potion of curing {unknown}
 k - a potion of mutation {unknown}

Dungeon Overview and Level Annotations

Branches:
Dungeon (2/15)

Altars:

Annotations:
D:2 Natasha


Message History

Enter note:
Enter note:
Enter note:
Found a stone staircase leading up.
Enter note:
Enter note:
Enter note:
Enter note: You see here 8 stones.
You see here 8 stones.
Natasha hisses angrily.
Enter note:
Enter note:
Enter note:
Enter note: You shoot an arrow.
The arrow hits Natasha.
Natasha is moderately wounded.
Natasha zaps a wand.
The puff of flame hits you.
You shoot an arrow. The arrow closely misses Natasha.
Natasha zaps a wand.
The puff of flame hits you.
You shoot an arrow.
The arrow hits Natasha but does no damage.
Natasha is moderately wounded.
You start resting.
Natasha zaps a wand.
The puff of flame hits you!
You shoot an arrow. The arrow barely misses Natasha.
Natasha stares at you and mumbles some strange words.
The magic dart hits you.
You shoot an arrow. The arrow hits Natasha.
Natasha is moderately wounded.
You shoot an arrow. The arrow hits Natasha.
Natasha is severely wounded.
Natasha closely misses you.
You shoot an arrow. The arrow closely misses Natasha.
Natasha misses you. Natasha barely misses you.
You shoot an arrow. The arrow hits Natasha.
Natasha is almost dead.
Natasha stares at you and mumbles some strange words.
The magic dart hits you.
You die...

....########
#############
#.###
#............
.. #........#
####........#
#...........#
#
#....#'#######
#
#..........h.#
#
#.........##@#
#
#####.....##.#
## ########.#
#. #.# #. #.#
#. ##### #.#
#. #...# #.#
#.
#.#.######.#
#.
#........#.#
#.


You could see Natasha.

Vanquished Creatures
  Jessica (D:2)
  An adder (D:2)
  An endoplasm (D:2)
  3 giant cockroaches (D:1)
  2 hobgoblins (D:1)
  5 jackals
  3 quokkas
  4 ball pythons (D:1)
  2 bats
  A frilled lizard (D:1)
  2 goblins (D:2)
  2 kobolds (D:1)
  3 rats
30 creatures vanquished.

Notes
Turn   | Place    | Note
-------+----------+-------------------------------------------
     0 | D:1      | qw the Minotaur Hunter began the quest for the Orb.
     0 | D:1      | Reached XP level 1. HP: 18/18 MP: 0/0
     0 | D:1      | 0 ||| qw: Version: 0.2-a-117-gc6b5c8b
     0 | D:1      | 0 ||| qw: Game counter: 2590
     0 | D:1      | 0 ||| qw: Always use a shield: true
     0 | D:1      | 0 ||| qw: God list: Okawaru
     0 | D:1      | 0 ||| qw: Allow faded altars: false
     0 | D:1      | 0 ||| qw: Do Orc after D:15 true
     0 | D:1      | 0 ||| qw: Do second Lair branch before Depths: true
     0 | D:1      | 0 ||| qw: Lair rune preference: random
     0 | D:1      | 0 ||| qw: Plans: Normal
     0 | D:1      | 0 ||| PLANNING D:1-11
   162 | D:1      | Reached XP level 2. HP: 25/25 MP: 1/1
   184 | D:1      | Reached skill level 5 in Ranged Weapons
   776 | D:1      | Reached skill level 3 in Fighting
   778 | D:1      | 778 ||| UPGRADING to +0 ring mail.
   788 | D:1      | 788 ||| DROPPING +0 leather armour.
   789 | D:1      | 789 ||| UPGRADING to ring of poison resistance.
   790 | D:1      | 790 ||| READING scroll labelled KIBLAA CULYE.
   791 | D:1      | 791 ||| READING scroll labelled BEVOSA XOADD.
   795 | D:1      | 795 ||| READING 3 scrolls labelled MOIMEA DEJE.
   796 | D:1      | 796 ||| DROPPING scroll of butterflies.
   797 | D:1      | 797 ||| DROPPING 2 scrolls of poison.
   892 | D:2      | Noticed Jessica
   896 | D:2      | 896 ||| FLEEEEING.
   897 | D:2      | 897 ||| FLEEEEING.
   898 | D:2      | 898 ||| FLEEEEING.
   899 | D:2      | 899 ||| FLEEEEING.
   900 | D:2      | 900 ||| STAIRDANCE
   943 | D:2      | 943 ||| STAIRDANCE
   951 | D:1      | Reached skill level 1 in Armour
   985 | D:2      | Killed Jessica
   986 | D:2      | Reached XP level 3. HP: 14/31 MP: 2/2
  1297 | D:2      | Noticed Natasha
  1298 | D:2      | 1298 ||| Stepping ~*~*~tactically~*~*~ (outnumbered).
  1300 | D:2      | 1300 ||| Stepping ~*~*~tactically~*~*~ (outnumbered).
  1306 | D:2      | HP: 7/31 [cerulean imp/+0 spear[Natasha] (1)]
  1307 | D:2      | 1307 ||| READING scroll of teleportation.
  1601 | D:2      | HP: 5/31 [Natasha/puff of flame (15)]
  1602 | D:2      | HP: 1/31 [Natasha/magic dart (4)]
  1606 | D:2      | Killed from afar by Natasha

Levels and vault maps discovered:
D:1:      minmay_arrival_three_doors, layout_loops_ring
D:2:      layout_basic, uniq_natasha, uniq_jessica

Skill      XL: |  1  2 |
---------------+-------+-----
Ranged Weapons | 5 |  5.7
Fighting       | 3 |  3.0
Armour         | 1 |  1.0
Dodging        | |  2.1
Stealth        | |  0.7

Action                     || total
---------------------------++-------
   Fire: Shortbow          ||    94
    Use: Scroll            ||     4
 Armour: Leather armour    ||     6
         Ring mail         ||    15
  Dodge: Dodged            ||    39

Table legend:
 A = Non-vault XP
 B = Vault XP
 C = Vault XP percentage of total XP
 D = Non-vault monster count
 E = Vault monster count
 F = Vault count percentage of total count
                 A         B        C        D         E       F
            +---------+---------+-------+---------+---------+-------
      Total |      58 |      37 |  38.9 |      29 |       1 |   3.3
            +---------+---------+-------+---------+---------+-------
        D:1 |      31 |       0 |   0.0 |      20 |       0 |   0.0
        D:2 |      27 |      37 |  57.8 |       9 |       1 |  10.0
            +---------+---------+-------+---------+---------+-------
